 Dungeon Crawl Stone Soup version 0.17-a0-2073-gde5cdba (webtiles) character file.

4208 brucemayne the Cleaver (level 10, -4/47 HPs)
             Began as a Vine Stalker Berserker on Oct 15, 2015.
             Was a Priest of Trog.
             Slain by a minotaur zombie (9 damage)
             ... in a labyrinth.
             The game lasted 00:13:40 (2653 turns).

brucemayne the Cleaver (Vine Stalker Berserker)     Turns: 2653, Time: 00:13:42

Health: -4/47      AC:  6    Str: 21    XL:     10   Next: 29%
Magic:  0/20       EV: 10    Int:  5    God:    Trog [***...]
Gold:   289        SH:  0    Dex: 16    Spells: 0 memorised, 9 levels left

rFire  + + .     SeeInvis .     w - +0 battleaxe
rCold  + + +     Clarity  .     K - +0 scale mail "Qaremoch" {rF+ rC+++ Regen+ Int-2}
rNeg   . . .     SustAt   .     (no shield)
rPois  .         Gourm    .     (no helmet)
rElec  .         Spirit   +     (no cloak)
rCorr  .         Warding  .     (no gloves)
rMut   .         Stasis   .     (no boots)
MR     +....                    d - amulet of inaccuracy
Stlth  ..........               p - ring of magical power
                                g - ring of protection from fire

@: exhausted, somewhat resistant to hostile enchantments, extremely unstealthy
A: fangs 3, regeneration 2, magic shield, antimagic bite, no device heal 3, rot
immunity
a: Burn Spellbooks, Berserk, Trog's Hand, Renounce Religion


You were in a labyrinth.
You worshipped Trog.
Trog was most pleased with you.
You were not hungry.

You visited 2 branches of the dungeon, and saw 12 of its levels.
You also visited: Labyrinth.

You collected 289 gold pieces.

Inventory:

Hand Weapons
 a - a +0 hand axe
 w - a +0 battleaxe (weapon)
Missiles
 k - 8 curare-tipped needles
 C - a throwing net (quivered)
Armour
 b - a +0 animal skin
 e - a +0 leather armour
 r - a +0 ring mail
 u - the +2 leather armour of the Lute {rCorr Str+7}
   (You found it on level 8 of the Dungeon)

   It affects your strength (+7).
   It protects you from acid and corrosion.
 x - a +0 chain mail
 K - the +0 scale mail "Qaremoch" (worn) {rF+ rC+++ Regen+ Int-2}
   (You found it in a labyrinth)

   It affects your intelligence (-2).
   It protects you from fire.
   It renders you almost immune to cold.
   It increases your rate of regeneration.
Jewellery
 d - an amulet of inaccuracy (around neck)
 g - a ring of protection from fire (left hand)
 p - a ring of magical power (right hand)
 G - an uncursed ring of positive energy
Wands
 j - a wand of polymorph (9)
 n - a wand of random effects (25)
 o - a wand of digging (10)
 q - a wand of frost (21)
 D - a wand of enslavement (16)
 H - a wand of invisibility (6)
 I - a wand of fire (5)
Scrolls
 h - 3 scrolls of remove curse
 s - 4 scrolls of identify
 y - a scroll of teleportation
 A - a scroll of magic mapping {unknown}
 B - a scroll of summoning {unknown}
Potions
 f - 4 potions of curing
 i - a potion of degeneration {unknown}
 l - a potion of cancellation {unknown}
 m - a potion of brilliance {unknown}
 t - a potion of ambrosia {unknown}
 v - a potion of haste {unknown}
 z - a potion of lignification {unknown}
Books
 E - the Guide on Contamination and Arcane Weapons
   (You found it in a labyrinth)

   Spells                             Type                      Level
   a - Sting                          Conjuration/Poison           1
   b - Cure Poison                    Poison                       2
   c - Mephitic Cloud                 Conjuration/Poison/Air       3
   d - Spider Form                    Transmutation/Poison         3
   e - Venom Bolt                     Conjuration/Poison           5
   f - Poisonous Cloud                Conjuration/Poison/Air       6
   Trog disapproves of the use of such an item.
 F - the Papyrus of the Escort
   (You found it in a labyrinth)

   Spells                             Type                      Level
   a - Summon Hydra                   Summoning                    7
   b - Dragon's Call                  Summoning                    9
   Trog disapproves of the use of such an item.
 J - a Grand Grimoire

   Spells                             Type                      Level
   a - Monstrous Menagerie            Summoning                    6
   b - Summon Greater Demon           Summoning                    7
   c - Malign Gateway                 Summoning/Translocation      7
   d - Summon Horrible Things         Summoning                    8
   Trog disapproves of the use of such an item.
Comestibles
 c - a chunk of flesh


   Skills:
 - Level 2.6 Fighting
 + Level 13.2 Axes
 - Level 1.5 Armour
 - Level 1.5 Dodging


You had 9 spell levels left.
You didn't know any spells.

Dungeon Overview and Level Annotations

Branches:
Dungeon (11/15)            Temple (1/1) D:6            Lair (0/8) D:8
    Orc: D:9-12

Altars:
Ashenzari
Dithmenos
Elyvilon
Fedhas
Gozag
Makhleb
Nemelex Xobeh
Sif Muna
The Shining One
Lugonu


Innate Abilities, Weirdness & Mutations

You have razor-sharp teeth.
You heal very quickly.
When hurt, damage is shared between your health and your magic reserves.
Your bite disrupts and absorbs the magic of your enemies.
Potions and wands cannot restore your health.
You are immune to rotting.


Message History

The minotaur zombie hits you but does no damage.
The minotaur zombie gores you but does no damage.
You barely miss the minotaur zombie. You slash the minotaur zombie!
You bite the minotaur zombie. You drain its power.
You feel invigorated.
The minotaur zombie closely misses you. x2
You slash the minotaur zombie!
You bite the minotaur zombie, but do no damage.
The minotaur zombie hits you!! The minotaur zombie gores you!
You slice the minotaur zombie!! You bite the minotaur zombie.
You drain its power.
You feel invigorated. The minotaur zombie barely misses you.
The minotaur zombie gores you!
Your scale mail "Qaremoch" prevents you from hitting the minotaur zombie.
The minotaur zombie furiously retaliates!
The minotaur zombie headbutts you!
* * * LOW HITPOINT WARNING * * *
The minotaur zombie hits you!
* * * LOW HITPOINT WARNING * * *
The minotaur zombie gores you!
You die...

. ▓▓+▓▓▓
▓
▓.⌠..▓▓▓
.▓
▓...⌠'.▓
# #.▓
+⌠..Z▓
.. ▓
▓..@.▓
#. # ▓
▓▓'▓▓▓ #
. .. ▓.
## ▓'▓ ▓
. .. ...
..... ..
# ## #.
# ##.
###
#.... #
. .####
## .# .
# .


You could see a minotaur zombie.

Vanquished Creatures
  A minotaur (Lab)
  2 hill giants
  Pikel (D:9)
  Grinder (D:4)
  A wyvern (D:8)
  A hippogriff (D:8)
  2 orc warriors (D:8)
  2 slaves (D:9)
  A centaur (D:6)
  3 ice beasts
  3 scorpions
  4 wights
  2 crimson imps
  2 orc priests
  A jelly (D:8)
  A hound (D:8)
  5 orc wizards
  A centaur skeleton (D:4)
  2 iguanas
  3 worker ants
  A hound skeleton (D:7)
  A worker ant zombie (D:6)
  2 adders
  3 shadow imps
  An ooze (D:3)
  A worm (D:2)
  A giant gecko (D:5)
  10 orcs
  5 giant cockroaches
  4 goblins
  4 hobgoblins
  4 quokkas
  2 bats
  5 giant newts
  2 kobolds
  8 rats
93 creatures vanquished.

Vanquished Creatures (others)
  A slave (D:9)
  A giant frog skeleton (D:9)
2 creatures vanquished.

Grand Total: 95 creatures vanquished

Notes
Turn   | Place    | Note
--------------------------------------------------------------
     0 | D:1      | brucemayne the Vine Stalker Berserker began the quest for the Orb.
     0 | D:1      | Reached XP level 1. HP: 11/11 MP: 2/2
   108 | D:1      | Reached skill level 3 in Axes
   142 | D:2      | Reached XP level 2. HP: 16/16 MP: 3/3
   183 | D:1      | Reached XP level 3. HP: 16/19 MP: 4/4
   297 | D:3      | Reached ** piety under Trog
   315 | D:2      | Reached skill level 4 in Axes
   406 | D:3      | Found a blossoming altar of Fedhas.
   481 | D:4      | Noticed Grinder
   541 | D:4      | Killed Grinder
   541 | D:4      | Reached skill level 6 in Axes
   541 | D:4      | Reached XP level 4. HP: 23/23 MP: 5/5
   541 | D:4      | Reached XP level 5. HP: 27/27 MP: 6/6
   541 | D:4      | Gained mutation: You heal very quickly. [Vine Stalker growth]
   541 | D:4      | Reached XP level 6. HP: 32/32 MP: 7/7
   617 | D:5      | Entered Level 5 of the Dungeon
   867 | D:6      | Reached skill level 7 in Axes
   867 | D:6      | Reached XP level 7. HP: 19/35 MP: 8/8
  1004 | D:6      | Found a staircase to the Ecumenical Temple.
  1018 | Temple   | Entered the Ecumenical Temple
  1303 | D:8      | Reached skill level 8 in Axes
  1357 | D:8      | Noticed a hippogriff
  1365 | D:8      | Killed a hippogriff
  1365 | D:8      | Gained mutation: You have razor-sharp teeth. [Vine Stalker growth]
  1365 | D:8      | Reached XP level 8. HP: 39/39 MP: 9/9
  1447 | D:8      | Reached skill level 9 in Axes
  1461 | D:8      | Noticed a wyvern
  1514 | D:8      | Killed a wyvern
  1542 | D:8      | Got a spiked leather armour
  1555 | D:8      | Identified the +2 leather armour of the Lute {rCorr Str+7} (You found it on level 8 of the Dungeon)
  1649 | D:8      | Reached skill level 10 in Axes
  1684 | D:8      | Found a staircase to the Lair.
  1773 | D:9      | Found a white marble altar of Elyvilon.
  1792 | D:9      | Reached XP level 9. HP: 43/43 MP: 7/10
  1798 | D:9      | Noticed Pikel
  1857 | D:9      | Killed Pikel
  1857 | D:9      | Reached skill level 11 in Axes
  1896 | D:10     | Entered Level 10 of the Dungeon
  1999 | D:10     | Noticed a hill giant
  2008 | D:10     | Killed a hill giant
  2080 | D:10     | Reached skill level 12 in Axes
  2268 | D:11     | Found a labyrinth entrance.
  2274 | D:11     | Noticed a hill giant
  2283 | D:11     | Killed a hill giant
  2283 | D:11     | Reached *** piety under Trog
  2283 | D:11     | Reached XP level 10. HP: 27/47 MP: 11/11
  2290 | Lab      | Entered a labyrinth
  2597 | Lab      | Noticed a minotaur
  2604 | Lab      | HP: 3/70 [minotaur (11)]
  2605 | Lab      | HP: 1/70 [minotaur (2)]
  2607 | Lab      | Killed a minotaur
  2607 | Lab      | Reached skill level 13 in Axes
  2612 | Lab      | Identified the Guide on Contamination and Arcane Weapons
  2612 | Lab      | Identified the Papyrus of the Escort
  2613 | Lab      | Got a bronze scale mail
  2624 | Lab      | Identified the cursed +0 scale mail "Qaremoch" {rF+ rC+++ Regen+ Int-2} (You found it in a labyrinth)
  2653 | Lab      | Slain by a minotaur zombie

Vault maps used:
D:1:      scummos_arrival_gate
D:2:      nicolae_ru_great_annihilating_truth
D:3:      lemuel_doored_altar, first_bread, led_xom_imps
D:4:      minitemple, uniq_grinder, uniq_menkaure, uniq_robin
D:6:      minmay_temple_entry_statues_fountains, uniq_duvessa
D:7:      grunt_temple_overflow_order_and_chaos_1, grunt_ogre_cave
D:8:      cheibrodos_stairvault_heist, lair_0_dummy, due_unseen_surprise
D:9:      yredelemnul_forgotten_temple_becter, old_standard_altar,
          lemuel_round_altar, slow_altar_1, uniq_erica, uniq_pikel
D:11:     orc_0_dummy, serial_shops, shop, lab_entry_generic
Temple:   corrupted_temple
Lab:      labyrinth_hidden_loot

Action                   |  1- 3 |  4- 6 |  7- 9 | 10-12 || total
-------------------------+-------+-------+-------+-------++-------
Melee: Hand axe          |    90 |    50 |    84 |       ||   224
       Battleaxe         |       |       |    48 |    14 ||    62
Invok: Berserk           |     3 |     2 |    11 |     1 ||    17
       Trog's Hand       |     2 |     1 |     5 |       ||     8
Evoke: Wand              |       |       |     1 |       ||     1
  Use: Potion            |       |     1 |       |       ||     1
       Scroll            |       |       |     4 |     2 ||     6
 Stab: Sleeping          |     1 |       |       |       ||     1
  Eat: Chunk             |     1 |     1 |     5 |       ||     7
       Bread ration      |       |     1 |     1 |     1 ||     3
       Meat ration       |       |       |     1 |       ||     1
